Thunderbirds vs Wolfpack
(R1)
Created - January 11, 2022 at 19:45
Goals
|
| Thunderbirds |
0 |
5 |
1 |
0 |
0 |
6 |
| Wolfpack |
1 |
2 |
3 |
0 |
1 |
7 |
|
Shots
|
| Thunderbirds |
7 |
15 |
11 |
0 |
3 |
33 |
| Wolfpack |
6 |
22 |
14 |
0 |
3 |
42 |
|
1st period
1. Wolfpack , David Pope 3 (Henrik Samuelsson 8, Sebastian Collberg 5) at 13:45
Penalties :
Samuel Blais (Har) for Hooking (Minor) at 5:09, Viktor Baldayev (Spr) for Holding (Minor) at 11:00, Connor Chatam (Har) for Holding (Minor) at 16:51
2nd period
2. Thunderbirds , Tom Kuhnhackl 4 (Matt Puempel 2, Griffin Reinhart 7) at 2:13
3. Thunderbirds , Quinton Howden 6 (Jerry D'Amigo 7, Griffin Reinhart 8) at 5:13
4. Wolfpack , David Pope 4 (Derrick Pouliot 5, Henrik Samuelsson 9) at 9:36 (SH)
5. Wolfpack , Henrik Samuelsson 7 (Sebastian Collberg 6, David Pope 1) at 10:42
6. Thunderbirds , Ryan Lomberg 3 (Christian Fischer 7, Jean-Sebastien Dea 7) at 15:28
7. Thunderbirds , Tom Kuhnhackl 5 (Matt Puempel 3, Jean-Sebastien Dea 8) at 16:01
8. Thunderbirds , Niklas Hansson 2 (Quinton Howden 4, Griffin Reinhart 9) at 18:39 (SH)
Penalties :
Mitchell Heard (Spr) for Hooking (Minor) at 7:28, Sebastian Collberg (Har) for Roughing (Minor) at 8:23, Niklas Hansson (Spr) for Hooking (Minor) at 16:36, Jean-Sebastien Dea (Spr) for High sticking (Minor) at 18:22
3rd period
9. Thunderbirds , Christian Fischer 2 (Ryan Lomberg 8, Niklas Hansson 8) at 3:35
10. Wolfpack , Maxime Sauvé 10 (Stefan Noesen 18, Steven Santini 9) at 10:37 (PP)
11. Wolfpack , Sebastian Collberg 6 (Derrick Pouliot 6) at 11:28 (PP)
12. Wolfpack , Maxime Sauvé 11 (Stefan Noesen 19) at 15:39
Penalties :
Vince Dunn (Har) for Roughing (Minor) at 4:39, Matt Puempel (Spr) for Hooking (Minor) at 9:44, Griffin Reinhart (Spr) for Roughing (Minor) at 10:50, Griffin Reinhart (Spr) for Hooking (Minor) at 13:02, Ryan Culkin (Har) for Hooking (Minor) at 17:52
Overtime #1
No Goal
Penalties :
No Penalty
Shootout
Thunderbirds, Tanner Laczynski - Stopped by Jake Paterson
Wolfpack, Maxime Sauvé - Stopped by Carter Hutton
Thunderbirds, Tom Kuhnhackl - Stopped by Jake Paterson
Wolfpack, Stefan Noesen - Shot Misses the Net
Thunderbirds, Quinton Howden - Stopped by Jake Paterson
Wolfpack, Dave Dziurzynski - Goal!
Penalties :
No Penalty
Goalie Stats
Carter Hutton (Spr), 36 saves from 42 shots - (0.857), OTL, 4-1-1, 65:00 minutes
Jake Paterson (Har), 10 saves from 11 shots - (0.909), W, 1-0-0, 26:21 minutes
Mike Condon (Har), 17 saves from 22 shots - (0.773), 38:39 minutes
Players Stats for Thunderbirds
Player Name G A P +/- PIM S H SB GA TA FO MP PP MP PK MP
------------------------------------------------------------------------------------
Christian Fischer 1 1 2 2 0 1 0 0 0 0 1/1 17:07 3:57 0:00
Clayton Keller 0 0 0 -1 0 0 0 0 1 0 0/0 5:50 0:00 0:00
Griffin Reinhart 0 3 3 3 4 2 2 1 1 2 0/0 32:49 5:25 5:30
Jake Walman 0 0 0 1 0 0 0 0 0 0 0/0 10:44 0:15 0:17
Jean-Sebastien Dea 0 2 2 0 2 3 2 0 0 0 4/8 17:05 4:03 2:12
Jerry D'Amigo 0 1 1 0 0 3 4 1 1 1 1/4 25:49 4:33 6:11
John Draeger 0 0 0 -2 0 3 1 1 1 0 0/0 21:13 3:42 3:02
Matt Puempel 0 2 2 2 2 0 0 0 0 0 0/1 11:19 0:12 1:04
Michal Jordan 0 0 0 -1 0 0 0 0 0 0 0/0 18:20 2:45 3:02
Mitchell Heard 0 0 0 1 2 2 2 0 1 0 6/12 12:09 0:24 0:14
Niklas Hansson 1 1 2 2 2 1 1 2 1 1 0/0 32:37 5:09 5:37
Quinton Howden 1 1 2 1 0 3 3 0 0 1 20/43 27:54 4:33 6:25
Roberts Lipsbergs 0 0 0 -1 0 1 0 1 0 0 0/0 5:50 0:00 0:00
Ryan Lomberg 1 1 2 2 0 5 2 0 1 0 0/2 16:50 3:57 1:17
Tanner Laczynski 0 0 0 -1 0 2 0 0 0 0 2/2 5:50 0:00 0:00
Tom Kuhnhackl 2 0 2 1 0 3 0 1 2 1 0/0 12:20 0:12 2:37
Valentin Zykov 0 0 0 -1 0 4 1 0 1 0 0/2 20:29 4:42 0:00
Viktor Baldayev 0 0 0 1 2 0 0 1 0 0 0/0 14:12 0:26 2:54
Players Stats for Wolfpack
Player Name G A P +/- PIM S H SB GA TA FO MP PP MP PK MP
------------------------------------------------------------------------------------
Alexander Barabanov 0 0 0 -2 0 0 2 0 0 0 0/0 5:42 0:00 0:00
Colton White 0 0 0 -2 0 0 0 0 0 0 0/0 9:04 0:00 0:00
Connor Chatam 0 0 0 0 2 0 1 0 0 0 0/0 8:16 0:00 0:00
Dave Dziurzynski 0 0 0 -2 0 1 1 1 0 0 0/1 17:42 0:00 4:39
David Pope 2 1 3 3 0 4 4 0 0 0 0/0 18:53 3:48 4:04
Derrick Pouliot 0 2 2 -2 0 2 4 2 0 1 0/0 32:59 7:15 5:03
Dryden Hunt 0 0 0 -2 0 0 0 0 1 0 0/0 6:59 0:00 0:30
Henrik Samuelsson 1 2 3 1 0 7 3 0 0 1 6/16 20:33 3:48 3:47
Kevin Roy 0 0 0 -2 0 2 0 0 0 0 2/3 5:47 0:00 0:05
Maxime Sauvé 2 0 2 -1 0 8 2 1 1 1 25/39 28:31 6:21 4:37
Mikhail Sergachev 0 0 0 2 0 0 3 4 0 0 0/0 22:57 2:54 3:48
Ryan Culkin 0 0 0 -2 2 0 0 0 0 1 0/0 10:21 0:00 1:02
Samuel Blais 0 0 0 -1 2 1 1 0 0 2 1/3 20:52 6:21 0:00
Sebastian Collberg 1 2 3 0 2 3 4 0 0 1 0/0 16:09 3:47 0:00
Seth Griffith 0 0 0 0 0 1 0 0 1 0 4/6 9:30 0:00 0:00
Stefan Noesen 0 2 2 -1 0 6 3 0 1 0 3/7 20:52 6:21 0:00
Steven Santini 0 1 1 -2 0 6 0 3 2 1 0/0 32:59 7:15 5:03
Vince Dunn 0 0 0 2 2 1 0 0 0 2 0/0 21:54 2:54 2:46
3 Stars
1 - David Pope (Har)
2 - Henrik Samuelsson (Har)
3 - Tom Kuhnhackl (Spr)
Power Play
Thunderbirds - 0 on 5 Attempt(s) - 0.00%
Wolfpack - 2 on 7 Attempt(s) - 28.57%
Penalty Kill
Thunderbirds - 5 on 7 Attempt(s) - 71.43%
- Score 1 goal in Penalty Kill
Wolfpack - 5 on 5 Attempt(s) - 100.00%
- Score 1 goal in Penalty Kill
Team Stat
Thunderbirds - Hits : 18 - Faceoff Wins : 34 - Blocked Shots : 8 - Penalty Minutes : 14
Wolfpack - Hits : 28 - Faceoff Wins : 41 - Blocked Shots : 11 - Penalty Minutes : 10
Official
Referees : Corey Syvret and Chris Schlenker
Linesman : Derek Nansen and Ryan Galloway
Game Notes
13:45 of 1st period - Wolfpack goal is going for a video replay. After video review, Goal.
Jake Paterson enters game at 18:39 of 2nd period
Michal Jordan is injured at 15:05 of 3rd period (Strained Right Knee)
Finance
Level 1 -- Attendance: 1821 (91.05%) -- Ticket Income $63,735
Level 2 -- Attendance: 888 (88.80%) -- Ticket Income $13,320
Total Attendance: 2709 (90.30%)
Total Ticket Income: $77,055
Other Income: $3,853
Total Income: $80,908
Thunderbirds
5 vs 5 Forward
Center Left Wing Right Wing Time % Phy DF OF
1 Quinton Howden Valentin Zykov Jerry D'Amigo 40 0 2 3
2 Mitchell Heard Ryan Lomberg Christian Fischer 30 0 2 3
3 Jean-Sebastien Dea Matt Puempel Tom Kuhnhackl 20 1 2 2
4 Tanner Laczynski Roberts Lipsbergs Clayton Keller 10 1 2 2
5 vs 5 Defense
Defense Defense Time % Phy DF OF
1 Griffin Reinhart Niklas Hansson 40 1 2 2
2 Michal Jordan John Draeger 30 1 2 2
3 Viktor Baldayev Jake Walman 20 1 2 2
4 Griffin Reinhart Niklas Hansson 10 1 2 2
PowerPlay Forward
Center Left Wing Right Wing Time % Phy DF OF
1 Quinton Howden Valentin Zykov Jerry D'Amigo 60 0 1 4
2 Jean-Sebastien Dea Ryan Lomberg Christian Fischer 40 0 1 4
PowerPlay Defense
Defense Defense Time % Phy DF OF
1 Griffin Reinhart Niklas Hansson 60 0 2 3
2 Michal Jordan John Draeger 40 0 2 3
Penalty Kill 4 Players Forward
Center Wing Time % Phy DF OF
1 Quinton Howden Jerry D'Amigo 60 1 3 1
2 Jean-Sebastien Dea Tom Kuhnhackl 40 1 3 1
Penalty Kill 4 Players Defense
Defense Defense Time % Phy DF OF
1 Griffin Reinhart Niklas Hansson 60 1 4 0
2 Michal Jordan John Draeger 40 1 4 0
Penalty Kill - 3 Players Forward
Forward Time % Phy DF OF
1 Quinton Howden 60 1 3 1
2 Jerry D'Amigo 40 1 3 1
Penalty Kill - 3 Players Defense
Defense Defense Time % Phy DF OF
1 Griffin Reinhart Niklas Hansson 60 1 4 0
2 Michal Jordan John Draeger 40 1 4 0
4 vs 4 Forward
Center Wing Time % Phy DF OF
1 Quinton Howden Christian Fischer 60 1 2 2
2 Jean-Sebastien Dea Valentin Zykov 40 1 2 2
4 vs 4 Defense
Defense Defense Time % Phy DF OF
1 Griffin Reinhart Niklas Hansson 60 1 2 2
2 Michal Jordan John Draeger 40 1 2 2
Last Minutes Offensive
Center Left Wing Right Wing Defense Defense
Quinton Howden Valentin Zykov Jerry D'Amigo Griffin Reinhart Niklas Hansson
Last Minutes Defensive
Center Left Wing Right Wing Defense Defense
Quinton Howden Valentin Zykov Jerry D'Amigo Griffin Reinhart Niklas Hansson
Goaltenders
Starting : Carter Hutton
Backup : Igor Bobkov
Extra Forwards
Normal : Christian Fischer, Ryan Lomberg, Valentin Zykov - PP : Ryan Lomberg, Christian Fischer - PK : Ryan Lomberg
Extra Defensemen
Normal : John Draeger, Niklas Hansson, Griffin Reinhart - PP : Viktor Baldayev - PK : Viktor Baldayev, Jake Walman
Penalty Shots
Tanner Laczynski, Tom Kuhnhackl, Quinton Howden, Jean-Sebastien Dea, Valentin Zykov
Scratches
Connor Honey (Healthy), Dmytro Timashov (Healthy), Keaton Thompson (Healthy), Kerby Rychel (Sports Hernia Injury), Kyle Platzer (Healthy)
Lukas Vejdemo (Healthy), Michael McCarron (Healthy), Nelson Nogier (Healthy), Nicklas Jensen (Healthy), Calvin Thurkauf (Healthy)
Artur Kayumov (Healthy), Niklas Treutle (Healthy), Artyom Zagidulin (Healthy)
Wolfpack
5 vs 5 Forward
Center Left Wing Right Wing Time % Phy DF OF
1 Maxime Sauvé Samuel Blais Stefan Noesen 40 1 2 2
2 Henrik Samuelsson Dave Dziurzynski Sebastian Collberg 30 1 2 2
3 Seth Griffith David Pope Connor Chatam 20 1 2 2
4 Kevin Roy Dryden Hunt Alexander Barabanov 10 1 2 2
5 vs 5 Defense
Defense Defense Time % Phy DF OF
1 Derrick Pouliot Steven Santini 40 1 2 2
2 Vince Dunn Mikhail Sergachev 30 1 2 2
3 Ryan Culkin Colton White 20 1 2 2
4 Derrick Pouliot Steven Santini 10 1 2 2
PowerPlay Forward
Center Left Wing Right Wing Time % Phy DF OF
1 Maxime Sauvé Samuel Blais Stefan Noesen 60 1 2 2
2 Henrik Samuelsson David Pope Sebastian Collberg 40 1 2 2
PowerPlay Defense
Defense Defense Time % Phy DF OF
1 Derrick Pouliot Steven Santini 60 1 2 2
2 Vince Dunn Mikhail Sergachev 40 1 2 2
Penalty Kill 4 Players Forward
Center Wing Time % Phy DF OF
1 Maxime Sauvé Dave Dziurzynski 60 1 2 2
2 Henrik Samuelsson David Pope 40 1 2 2
Penalty Kill 4 Players Defense
Defense Defense Time % Phy DF OF
1 Derrick Pouliot Steven Santini 60 1 2 2
2 Vince Dunn Mikhail Sergachev 40 1 2 2
Penalty Kill - 3 Players Forward
Forward Time % Phy DF OF
1 Maxime Sauvé 60 1 2 2
2 Henrik Samuelsson 40 1 2 2
Penalty Kill - 3 Players Defense
Defense Defense Time % Phy DF OF
1 Derrick Pouliot Steven Santini 60 1 2 2
2 Vince Dunn Mikhail Sergachev 40 1 2 2
4 vs 4 Forward
Center Wing Time % Phy DF OF
1 Maxime Sauvé Dave Dziurzynski 60 1 2 2
2 Henrik Samuelsson David Pope 40 1 2 2
4 vs 4 Defense
Defense Defense Time % Phy DF OF
1 Derrick Pouliot Steven Santini 60 1 2 2
2 Vince Dunn Mikhail Sergachev 40 1 2 2
Last Minutes Offensive
Center Left Wing Right Wing Defense Defense
Maxime Sauvé Dave Dziurzynski Stefan Noesen Derrick Pouliot Steven Santini
Last Minutes Defensive
Center Left Wing Right Wing Defense Defense
Maxime Sauvé Dave Dziurzynski Stefan Noesen Derrick Pouliot Steven Santini
Goaltenders
Starting : Mike Condon
Backup : Jake Paterson
Extra Forwards
Normal : David Pope, Seth Griffith, Sebastian Collberg - PP : David Pope, Seth Griffith - PK : David Pope
Extra Defensemen
Normal : Mikhail Sergachev, Ryan Culkin, Colton White - PP : Mikhail Sergachev - PK : Mikhail Sergachev, Ryan Culkin
Penalty Shots
Maxime Sauvé, Stefan Noesen, Dave Dziurzynski, Henrik Samuelsson, David Pope
Scratches
Adam Lowry (Healthy), Jacob Middleton (Healthy), Jake Marchment (Healthy), Joel Kiviranta (Healthy), Joshua Jacobs (Healthy)
Keegan Kolesar (Healthy), Mikhail Vorobyev (Healthy), Will Borgen (Healthy), Alex Barre-Boulet (Healthy), Andrew Peeke (Healthy)
Dante Fabbro (Healthy), Jeffrey Viel (Healthy), Yegor Korshkov (Healthy), Samuel Montembeault (Healthy)
% Time on Ice - Thunderbirds
Lines # - Real PCT - Wanted PCT - Time Play
Normal Forward
1 - 36% - 40% - 14:18
2 - 28% - 30% - 11:15
3 - 21% - 20% - 8:33
4 - 15% - 10% - 5:50
Normal Defense
1 - 45% - 40% - 17:57
2 - 31% - 30% - 12:13
3 - 21% - 20% - 8:30
4 - 3% - 10% - 1:16
PP Forward
1 - 54% - 60% - 4:45
2 - 46% - 40% - 4:06
PP Defense
1 - 55% - 60% - 4:54
2 - 45% - 40% - 3:57
PK Forward
1 - 74% - 60% - 7:19
2 - 26% - 40% - 2:37
PK Defense
1 - 69% - 60% - 6:54
2 - 31% - 40% - 3:02
PK3 Forward
1 - 100% - 60% - 0:13
2 - 0% - 40% - 0:00
PK3 Defense
1 - 100% - 60% - 0:13
2 - 0% - 40% - 0:00
44 Forward
1 - 80% - 60% - 4:50
2 - 20% - 40% - 1:14
44 Defense
1 - 23% - 60% - 1:24
2 - 77% - 40% - 4:40
Last Minute Offensive - 0:00
Last Minute Defensive - 0:00
Total
Forward - 65:00
Defense - 65:00
|
% Time on Ice - Wolfpack
Lines # - Real PCT - Wanted PCT - Time Play
Normal Forward
1 - 37% - 40% - 14:48
2 - 28% - 30% - 11:09
3 - 21% - 20% - 8:17
4 - 14% - 10% - 5:42
Normal Defense
1 - 44% - 40% - 17:29
2 - 35% - 30% - 13:51
3 - 20% - 20% - 8:03
4 - 1% - 10% - 0:33
PP Forward
1 - 63% - 60% - 6:21
2 - 37% - 40% - 3:48
PP Defense
1 - 71% - 60% - 7:15
2 - 29% - 40% - 2:54
PK Forward
1 - 75% - 60% - 6:40
2 - 25% - 40% - 2:11
PK Defense
1 - 57% - 60% - 5:03
2 - 43% - 40% - 3:48
PK3 Forward
1 - 0% - 60%
2 - 0% - 40%
PK3 Defense
1 - 0% - 60%
2 - 0% - 40%
44 Forward
1 - 86% - 60% - 5:12
2 - 14% - 40% - 0:52
44 Defense
1 - 60% - 60% - 3:40
2 - 40% - 40% - 2:24
Last Minute Offensive - 0:00
Last Minute Defensive - 0:00
Total
Forward - 65:00
Defense - 65:00
|
Play-by-Play
1st period
0:01 of 1st period - Stefan Noesen wins face-off versus Quinton Howden in neutral zone.
0:14 of 1st period - Slapshot by Samuel Blais.
0:14 of 1st period - Shot Misses the Net.
0:26 of 1st period - Niklas Hansson is hit by Henrik Samuelsson and loses puck.
0:35 of 1st period - Slapshot by Henrik Samuelsson.
0:35 of 1st period - Shot Misses the Net.
0:37 of 1st period - Slapshot by Dave Dziurzynski.
0:37 of 1st period - Shot Misses the Net.
1:31 of 1st period - John Draeger is hit by Dave Dziurzynski and loses puck.
1:58 of 1st period - Snap shot by Quinton Howden.
1:58 of 1st period - Shot Blocked by Derrick Pouliot.
2:33 of 1st period - Slapshot by Griffin Reinhart.
2:33 of 1st period - Shot Blocked by Mikhail Sergachev.
2:35 of 1st period - Backhand shot by Jean-Sebastien Dea.
2:35 of 1st period - Shot Blocked by Mikhail Sergachev.
2:43 of 1st period - Slapshot by Tom Kuhnhackl.
2:43 of 1st period - Stopped by Mike Condon with a rebound.
3:49 of 1st period - Wrist shot by Henrik Samuelsson.
3:49 of 1st period - Shot Blocked by Jerry D'Amigo.
3:57 of 1st period - Mikhail Sergachev is hit by Quinton Howden and loses puck.
4:15 of 1st period - Wrist shot by Christian Fischer.
4:15 of 1st period - Deflect By Mikhail Sergachev.
4:15 of 1st period - Shot Blocked by Mikhail Sergachev.
4:15 of 1st period - Puck is out of play.
4:16 of 1st period - Jean-Sebastien Dea wins face-off versus Maxime Sauvé in Wolfpack zone.
4:21 of 1st period - Wrist shot by Jean-Sebastien Dea.
4:21 of 1st period - Stopped by Mike Condon with a rebound.
4:23 of 1st period - Slapshot by Tom Kuhnhackl.
4:23 of 1st period - Deflect By Jean-Sebastien Dea.
4:23 of 1st period - Shot Misses the Net.
4:23 of 1st period - Puck is out of play.
4:24 of 1st period - Maxime Sauvé wins face-off versus Jean-Sebastien Dea in Wolfpack zone.
4:33 of 1st period - John Draeger is hit by Samuel Blais and loses puck.
5:09 of 1st period - Minor Penalty to Samuel Blais for Hooking.
5:10 of 1st period - Quinton Howden wins face-off versus Dave Dziurzynski in Wolfpack zone.
5:14 of 1st period - Wrist shot by Valentin Zykov.
5:14 of 1st period - Stopped by Mike Condon with a rebound.
5:16 of 1st period - Snap shot by Niklas Hansson.
5:16 of 1st period - Shot Misses the Net.
5:46 of 1st period - Dave Dziurzynski is hit by Ryan Lomberg and loses puck.
6:13 of 1st period - Dave Dziurzynski is hit by Jerry D'Amigo and loses puck.
6:26 of 1st period - John Draeger is hit by Mikhail Sergachev and loses puck.
6:50 of 1st period - Icing by Jerry D'Amigo.
6:51 of 1st period - Quinton Howden wins face-off versus Henrik Samuelsson in Thunderbirds zone.
7:04 of 1st period - Mikhail Sergachev is hit by Jean-Sebastien Dea and loses puck.
7:09 of 1st period - Penalty to Samuel Blais is over, Samuel Blais is back on ice.
7:25 of 1st period - Wrist shot by Kevin Roy.
7:25 of 1st period - Stopped by Carter Hutton without a rebound.
7:26 of 1st period - Seth Griffith wins face-off versus Mitchell Heard in Thunderbirds zone.
7:57 of 1st period - Slapshot by Dryden Hunt.
7:57 of 1st period - Deflect By Alexander Barabanov.
7:57 of 1st period - Shot Hit the Post.
7:57 of 1st period - Puck is out of play.
7:58 of 1st period - Kevin Roy wins face-off versus Quinton Howden in Thunderbirds zone.
8:06 of 1st period - Off-side.
8:07 of 1st period - Henrik Samuelsson wins face-off versus Quinton Howden in neutral zone.
8:18 of 1st period - Wrist shot by Henrik Samuelsson.
8:18 of 1st period - Shot Blocked by Niklas Hansson.
8:24 of 1st period - Niklas Hansson is hit by Derrick Pouliot and loses puck.
8:39 of 1st period - Wrist shot by Jerry D'Amigo.
8:39 of 1st period - Stopped by Mike Condon without a rebound.
8:40 of 1st period - Maxime Sauvé wins face-off versus Ryan Lomberg in Wolfpack zone.
9:56 of 1st period - Wrist shot by Seth Griffith.
9:56 of 1st period - Shot Misses the Net.
10:05 of 1st period - Icing by David Pope.
10:06 of 1st period - Seth Griffith wins face-off versus Mitchell Heard in Wolfpack zone.
10:49 of 1st period - Wrist shot by Dave Dziurzynski.
10:49 of 1st period - Deflect By Henrik Samuelsson.
10:49 of 1st period - Stopped by Carter Hutton without a rebound.
10:50 of 1st period - Stefan Noesen wins face-off versus Mitchell Heard in Thunderbirds zone.
11:00 of 1st period - Minor Penalty to Viktor Baldayev for Holding.
11:01 of 1st period - Maxime Sauvé wins face-off versus Quinton Howden in Thunderbirds zone.
11:17 of 1st period - Backhand shot by Maxime Sauvé.
11:17 of 1st period - Shot Blocked by Niklas Hansson.
11:55 of 1st period - Wrist shot by Jean-Sebastien Dea.
11:55 of 1st period - Shot Misses the Net.
13:00 of 1st period - Penalty to Viktor Baldayev is over, Viktor Baldayev is back on ice.
13:07 of 1st period - Snap shot by Jean-Sebastien Dea.
13:07 of 1st period - Stopped by Mike Condon with a rebound.
13:19 of 1st period - Wrist shot by David Pope.
13:19 of 1st period - Shot Misses the Net.
13:21 of 1st period - Snap shot by David Pope.
13:21 of 1st period - Shot Blocked by John Draeger.
13:23 of 1st period - Wrist shot by Henrik Samuelsson.
13:23 of 1st period - Stopped by Carter Hutton with a rebound.
13:25 of 1st period - Slapshot by Vince Dunn.
13:25 of 1st period - Stopped by Carter Hutton with a rebound.
13:43 of 1st period - Wrist shot by Henrik Samuelsson.
13:43 of 1st period - Stopped by Carter Hutton with a rebound.
13:45 of 1st period - Slapshot by David Pope.
13:45 of 1st period - Wolfpack goal is going for a video replay.
13:45 of 1st period - The goal is good.
13:45 of 1st period - Goal by David Pope - Thunderbirds : 0 - Wolfpack : 1.
13:46 of 1st period - Maxime Sauvé wins face-off versus Quinton Howden in neutral zone.
14:13 of 1st period - Steven Santini is hit by Ryan Lomberg and loses puck.
15:04 of 1st period - Slapshot by Dryden Hunt.
15:04 of 1st period - Shot Blocked by Tom Kuhnhackl.
16:20 of 1st period - Wrist shot by Jean-Sebastien Dea.
16:20 of 1st period - Stopped by Mike Condon without a rebound.
16:21 of 1st period - Maxime Sauvé wins face-off versus Matt Puempel in Wolfpack zone.
16:51 of 1st period - Minor Penalty to Connor Chatam for Holding.
16:52 of 1st period - Maxime Sauvé wins face-off versus Quinton Howden in Wolfpack zone.
16:52 of 1st period - Maxime Sauvé is hit by Griffin Reinhart.
17:17 of 1st period - Niklas Hansson is hit by Henrik Samuelsson and loses puck.
17:42 of 1st period - Backhand shot by Quinton Howden.
17:42 of 1st period - Shot Misses the Net.
17:54 of 1st period - Niklas Hansson is hit by Henrik Samuelsson and loses puck.
18:51 of 1st period - Penalty to Connor Chatam is over, Connor Chatam is back on ice.
18:57 of 1st period - Backhand shot by Jerry D'Amigo.
18:57 of 1st period - Stopped by Mike Condon with a rebound.
19:21 of 1st period - Snap shot by Stefan Noesen.
19:21 of 1st period - Shot Misses the Net.
19:37 of 1st period - Roberts Lipsbergs is hit by Connor Chatam.
Goals for this period are 0 for Thunderbirds vs 1 for Wolfpack.
Shots for this period are 7 for Thunderbirds vs 6 for Wolfpack.
2nd period
0:01 of 2nd period - Maxime Sauvé wins face-off versus Valentin Zykov in neutral zone.
1:35 of 2nd period - Snap shot by Tanner Laczynski.
1:35 of 2nd period - Stopped by Mike Condon with a rebound.
1:37 of 2nd period - Snap shot by Viktor Baldayev.
1:37 of 2nd period - Shot Misses the Net.
2:11 of 2nd period - Wrist shot by Matt Puempel.
2:11 of 2nd period - Shot Misses the Net.
2:13 of 2nd period - Snap shot by Tom Kuhnhackl.
2:13 of 2nd period - Goal by Tom Kuhnhackl - Thunderbirds : 1 - Wolfpack : 1.
2:14 of 2nd period - Maxime Sauvé wins face-off versus Quinton Howden in neutral zone.
2:27 of 2nd period - Snap shot by Stefan Noesen.
2:27 of 2nd period - Stopped by Carter Hutton without a rebound.
2:28 of 2nd period - Quinton Howden wins face-off versus Samuel Blais in Thunderbirds zone.
2:38 of 2nd period - Niklas Hansson is hit by Derrick Pouliot and loses puck.
2:53 of 2nd period - Griffin Reinhart is hit by Sebastian Collberg and loses puck.
3:44 of 2nd period - Snap shot by Matt Puempel.
3:44 of 2nd period - Shot Blocked by Mikhail Sergachev.
3:46 of 2nd period - Slapshot by John Draeger.
3:46 of 2nd period - Stopped by Mike Condon without a rebound.
3:47 of 2nd period - Maxime Sauvé wins face-off versus Quinton Howden in Wolfpack zone.
3:47 of 2nd period - Maxime Sauvé is hit by Niklas Hansson.
3:57 of 2nd period - Snap shot by Valentin Zykov.
3:57 of 2nd period - Stopped by Mike Condon without a rebound.
3:58 of 2nd period - Jerry D'Amigo wins face-off versus Maxime Sauvé in Wolfpack zone.
4:01 of 2nd period - Wrist shot by Quinton Howden.
4:01 of 2nd period - Shot Blocked by Steven Santini.
4:03 of 2nd period - Slapshot by Valentin Zykov.
4:03 of 2nd period - Shot Blocked by Steven Santini.
4:05 of 2nd period - Snap shot by Griffin Reinhart.
4:05 of 2nd period - Stopped by Mike Condon with a rebound.
4:07 of 2nd period - Wrist shot by Valentin Zykov.
4:07 of 2nd period - Stopped by Mike Condon with a rebound.
4:44 of 2nd period - Wrist shot by Seth Griffith.
4:44 of 2nd period - Shot Misses the Net.
4:46 of 2nd period - Slapshot by Mikhail Sergachev.
4:46 of 2nd period - Shot Misses the Net.
4:48 of 2nd period - Slapshot by Vince Dunn.
4:48 of 2nd period - Shot Blocked by Roberts Lipsbergs.
4:52 of 2nd period - Slapshot by David Pope.
4:52 of 2nd period - Stopped by Carter Hutton with a rebound.
4:54 of 2nd period - Wrist shot by David Pope.
4:54 of 2nd period - Shot Misses the Net.
5:01 of 2nd period - Icing by Niklas Hansson.
5:02 of 2nd period - Tanner Laczynski wins face-off versus Kevin Roy in Thunderbirds zone.
5:13 of 2nd period - Snap shot by Quinton Howden.
5:13 of 2nd period - Goal by Quinton Howden - Thunderbirds : 2 - Wolfpack : 1.
5:14 of 2nd period - Maxime Sauvé wins face-off versus Quinton Howden in neutral zone.
5:19 of 2nd period - Snap shot by Stefan Noesen.
5:19 of 2nd period - Stopped by Carter Hutton without a rebound.
5:20 of 2nd period - Quinton Howden wins face-off versus Maxime Sauvé in Thunderbirds zone.
5:29 of 2nd period - Wrist shot by Maxime Sauvé.
5:29 of 2nd period - Deflect By Samuel Blais.
5:29 of 2nd period - Shot Hit the Post.
5:29 of 2nd period - Puck is out of play.
5:30 of 2nd period - Maxime Sauvé wins face-off versus Quinton Howden in Thunderbirds zone.
5:57 of 2nd period - Derrick Pouliot is hit by Mitchell Heard and loses puck.
6:38 of 2nd period - Michal Jordan is hit by Alexander Barabanov and loses puck.
6:43 of 2nd period - Wrist shot by Kevin Roy.
6:43 of 2nd period - Stopped by Carter Hutton with a rebound.
6:45 of 2nd period - Slapshot by Steven Santini.
6:45 of 2nd period - Stopped by Carter Hutton with a rebound.
6:47 of 2nd period - Snap shot by Dryden Hunt.
6:47 of 2nd period - Shot Misses the Net.
6:49 of 2nd period - Snap shot by Kevin Roy.
6:49 of 2nd period - Shot Misses the Net.
6:59 of 2nd period - Snap shot by John Draeger.
6:59 of 2nd period - Stopped by Mike Condon without a rebound.
7:00 of 2nd period - Maxime Sauvé wins face-off versus Jerry D'Amigo in Wolfpack zone.
7:11 of 2nd period - Snap shot by Maxime Sauvé.
7:11 of 2nd period - Shot Misses the Net.
7:16 of 2nd period - Off-side.
7:17 of 2nd period - Henrik Samuelsson wins face-off versus Mitchell Heard in neutral zone.
7:28 of 2nd period - Minor Penalty to Mitchell Heard for Hooking.
7:29 of 2nd period - Quinton Howden wins face-off versus Stefan Noesen in Thunderbirds zone.
7:39 of 2nd period - Slapshot by Niklas Hansson.
7:39 of 2nd period - Shot Misses the Net.
8:03 of 2nd period - Slapshot by Derrick Pouliot.
8:03 of 2nd period - Deflect By Griffin Reinhart.
8:03 of 2nd period - Stopped by Carter Hutton with a rebound.
8:05 of 2nd period - Wrist shot by David Pope.
8:05 of 2nd period - Stopped by Carter Hutton with a rebound.
8:07 of 2nd period - Snap shot by Henrik Samuelsson.
8:07 of 2nd period - Shot Misses the Net.
8:23 of 2nd period - Minor Penalty to Sebastian Collberg for Roughing.
8:24 of 2nd period - Maxime Sauvé wins face-off versus Quinton Howden in Wolfpack zone.
8:31 of 2nd period - Snap shot by Dave Dziurzynski.
8:31 of 2nd period - Deflect By Maxime Sauvé.
8:31 of 2nd period - Stopped by Carter Hutton without a rebound.
8:32 of 2nd period - Maxime Sauvé wins face-off versus Quinton Howden in Thunderbirds zone.
8:43 of 2nd period - Quinton Howden is hit by Derrick Pouliot and loses puck.
8:50 of 2nd period - Snap shot by Maxime Sauvé.
8:50 of 2nd period - Stopped by Carter Hutton with a rebound.
8:52 of 2nd period - Wrist shot by Maxime Sauvé.
8:52 of 2nd period - Shot Misses the Net.
8:54 of 2nd period - Wrist shot by Dave Dziurzynski.
8:54 of 2nd period - Stopped by Carter Hutton with a rebound.
8:58 of 2nd period - Slapshot by Dave Dziurzynski.
8:58 of 2nd period - Shot Hit the Post.
9:00 of 2nd period - Slapshot by Maxime Sauvé.
9:00 of 2nd period - Deflect By Christian Fischer.
9:00 of 2nd period - Shot Misses the Net.
9:00 of 2nd period - Puck is out of play.
9:01 of 2nd period - Quinton Howden wins face-off versus Maxime Sauvé in Thunderbirds zone.
9:01 of 2nd period - Quinton Howden is hit by Maxime Sauvé.
9:25 of 2nd period - Valentin Zykov is hit by Mikhail Sergachev and loses puck.
9:28 of 2nd period - Penalty to Mitchell Heard is over, Mitchell Heard is back on ice.
9:34 of 2nd period - Snap shot by Henrik Samuelsson.
9:34 of 2nd period - Stopped by Carter Hutton with a rebound.
9:36 of 2nd period - Slapshot by Derrick Pouliot.
9:36 of 2nd period - Deflect By David Pope.
9:36 of 2nd period - Goal by David Pope - Thunderbirds : 2 - Wolfpack : 2.
9:37 of 2nd period - Quinton Howden wins face-off versus Maxime Sauvé in neutral zone.
9:52 of 2nd period - Snap shot by Valentin Zykov.
9:52 of 2nd period - Stopped by Mike Condon with a rebound.
10:23 of 2nd period - Penalty to Sebastian Collberg is over, Sebastian Collberg is back on ice.
10:29 of 2nd period - John Draeger is hit by David Pope and loses puck.
10:38 of 2nd period - Snap shot by Henrik Samuelsson.
10:38 of 2nd period - Shot Misses the Net.
10:40 of 2nd period - Slapshot by Sebastian Collberg.
10:40 of 2nd period - Stopped by Carter Hutton with a rebound.
10:42 of 2nd period - Wrist shot by Henrik Samuelsson.
10:42 of 2nd period - Goal by Henrik Samuelsson - Thunderbirds : 2 - Wolfpack : 3.
10:43 of 2nd period - Maxime Sauvé wins face-off versus Jerry D'Amigo in neutral zone.
10:53 of 2nd period - Griffin Reinhart is hit by Stefan Noesen and loses puck.
11:04 of 2nd period - Samuel Blais is hit by Quinton Howden and loses puck.
11:52 of 2nd period - Slapshot by Jerry D'Amigo.
11:52 of 2nd period - Stopped by Mike Condon with a rebound.
12:45 of 2nd period - Slapshot by Derrick Pouliot.
12:45 of 2nd period - Stopped by Carter Hutton with a rebound.
12:47 of 2nd period - Wrist shot by Steven Santini.
12:47 of 2nd period - Shot Blocked by Griffin Reinhart.
13:35 of 2nd period - Snap shot by Maxime Sauvé.
13:35 of 2nd period - Stopped by Carter Hutton without a rebound.
13:36 of 2nd period - Mitchell Heard wins face-off versus Henrik Samuelsson in Thunderbirds zone.
13:36 of 2nd period - Mitchell Heard is hit by Sebastian Collberg.
13:42 of 2nd period - Snap shot by Henrik Samuelsson.
13:42 of 2nd period - Stopped by Carter Hutton without a rebound.
13:43 of 2nd period - Henrik Samuelsson wins face-off versus Mitchell Heard in Thunderbirds zone.
13:50 of 2nd period - Snap shot by Sebastian Collberg.
13:50 of 2nd period - Stopped by Carter Hutton without a rebound.
13:51 of 2nd period - Mitchell Heard wins face-off versus Henrik Samuelsson in Thunderbirds zone.
13:58 of 2nd period - Slapshot by Mitchell Heard.
13:58 of 2nd period - Stopped by Mike Condon without a rebound.
13:59 of 2nd period - Mitchell Heard wins face-off versus Henrik Samuelsson in Wolfpack zone.
14:04 of 2nd period - Wrist shot by Ryan Lomberg.
14:04 of 2nd period - Stopped by Mike Condon without a rebound.
14:05 of 2nd period - Henrik Samuelsson wins face-off versus Mitchell Heard in Wolfpack zone.
14:05 of 2nd period - Henrik Samuelsson is hit by Mitchell Heard.
15:28 of 2nd period - Wrist shot by Ryan Lomberg.
15:28 of 2nd period - Deflect By Dryden Hunt.
15:28 of 2nd period - Goal by Ryan Lomberg - Thunderbirds : 3 - Wolfpack : 3.
15:29 of 2nd period - Mitchell Heard wins face-off versus Seth Griffith in neutral zone.
16:01 of 2nd period - Snap shot by Tom Kuhnhackl.
16:01 of 2nd period - Goal by Tom Kuhnhackl - Thunderbirds : 4 - Wolfpack : 3.
16:02 of 2nd period - Maxime Sauvé wins face-off versus Quinton Howden in neutral zone.
16:02 of 2nd period - Maxime Sauvé is hit by Valentin Zykov.
16:06 of 2nd period - Niklas Hansson is hit by Stefan Noesen and loses puck.
16:36 of 2nd period - Minor Penalty to Niklas Hansson for Hooking.
16:37 of 2nd period - Quinton Howden wins face-off versus Maxime Sauvé in Thunderbirds zone.
17:10 of 2nd period - Icing by David Pope.
17:11 of 2nd period - Jean-Sebastien Dea wins face-off versus Henrik Samuelsson in Wolfpack zone.
17:18 of 2nd period - Wrist shot by Stefan Noesen.
17:18 of 2nd period - Shot Misses the Net.
17:20 of 2nd period - Wrist shot by Stefan Noesen.
17:20 of 2nd period - Shot Misses the Net.
17:22 of 2nd period - Snap shot by Maxime Sauvé.
17:22 of 2nd period - Stopped by Carter Hutton with a rebound.
17:24 of 2nd period - Slapshot by Steven Santini.
17:24 of 2nd period - Stopped by Carter Hutton without a rebound.
17:25 of 2nd period - Samuel Blais wins face-off versus Quinton Howden in Thunderbirds zone.
17:30 of 2nd period - Wrist shot by Stefan Noesen.
17:30 of 2nd period - Stopped by Carter Hutton with a rebound.
17:54 of 2nd period - Slapshot by Steven Santini.
17:54 of 2nd period - Stopped by Carter Hutton with a rebound.
18:00 of 2nd period - Snap shot by Henrik Samuelsson.
18:00 of 2nd period - Shot Misses the Net.
18:22 of 2nd period - Minor Penalty to Jean-Sebastien Dea for High sticking.
18:23 of 2nd period - Quinton Howden wins face-off versus Stefan Noesen in Thunderbirds zone.
18:31 of 2nd period - Off-side.
18:32 of 2nd period - Quinton Howden wins face-off versus Maxime Sauvé in neutral zone.
18:36 of 2nd period - Penalty to Niklas Hansson is over, Niklas Hansson is back on ice.
18:39 of 2nd period - Snap shot by Niklas Hansson.
18:39 of 2nd period - Goal by Niklas Hansson - Thunderbirds : 5 - Wolfpack : 3.
18:39 of 2nd period - Jake Paterson enters game.
18:40 of 2nd period - Quinton Howden wins face-off versus Stefan Noesen in neutral zone.
19:09 of 2nd period - Derrick Pouliot is hit by Jerry D'Amigo and loses puck.
Goals for this period are 5 for Thunderbirds vs 2 for Wolfpack.
Shots for this period are 15 for Thunderbirds vs 22 for Wolfpack.
3rd period
0:01 of 3rd period - Quinton Howden wins face-off versus Maxime Sauvé in neutral zone.
0:04 of 3rd period - Snap shot by Quinton Howden.
0:04 of 3rd period - Deflect By Stefan Noesen.
0:04 of 3rd period - Shot Misses the Net.
0:04 of 3rd period - Puck is out of play.
0:05 of 3rd period - Quinton Howden wins face-off versus Maxime Sauvé in Wolfpack zone.
0:14 of 3rd period - Derrick Pouliot is hit by Jerry D'Amigo and loses puck.
0:22 of 3rd period - Penalty to Jean-Sebastien Dea is over, Jean-Sebastien Dea is back on ice.
1:55 of 3rd period - Snap shot by Tanner Laczynski.
1:55 of 3rd period - Stopped by Jake Paterson without a rebound.
1:56 of 3rd period - Tanner Laczynski wins face-off versus Henrik Samuelsson in Wolfpack zone.
2:05 of 3rd period - Wrist shot by Roberts Lipsbergs.
2:05 of 3rd period - Stopped by Jake Paterson without a rebound.
2:06 of 3rd period - Maxime Sauvé wins face-off versus Quinton Howden in Wolfpack zone.
3:25 of 3rd period - Slapshot by Quinton Howden.
3:25 of 3rd period - Stopped by Jake Paterson without a rebound.
3:26 of 3rd period - Mitchell Heard wins face-off versus Henrik Samuelsson in Wolfpack zone.
3:29 of 3rd period - Slapshot by Griffin Reinhart.
3:29 of 3rd period - Stopped by Jake Paterson with a rebound.
3:31 of 3rd period - Slapshot by Niklas Hansson.
3:31 of 3rd period - Shot Blocked by Derrick Pouliot.
3:33 of 3rd period - Slapshot by Niklas Hansson.
3:33 of 3rd period - Deflect By Ryan Lomberg.
3:33 of 3rd period - Stopped by Jake Paterson with a rebound.
3:35 of 3rd period - Snap shot by Christian Fischer.
3:35 of 3rd period - Goal by Christian Fischer - Thunderbirds : 6 - Wolfpack : 3.
3:36 of 3rd period - Stefan Noesen wins face-off versus Quinton Howden in neutral zone.
3:39 of 3rd period - Wrist shot by Maxime Sauvé.
3:39 of 3rd period - Shot Misses the Net.
3:41 of 3rd period - Slapshot by Steven Santini.
3:41 of 3rd period - Stopped by Carter Hutton with a rebound.
3:43 of 3rd period - Wrist shot by Maxime Sauvé.
3:43 of 3rd period - Stopped by Carter Hutton with a rebound.
3:45 of 3rd period - Wrist shot by Stefan Noesen.
3:45 of 3rd period - Stopped by Carter Hutton with a rebound.
3:47 of 3rd period - Slapshot by Steven Santini.
3:47 of 3rd period - Deflect By Stefan Noesen.
3:47 of 3rd period - Stopped by Carter Hutton with a rebound.
4:01 of 3rd period - Snap shot by Mitchell Heard.
4:01 of 3rd period - Stopped by Jake Paterson with a rebound.
4:03 of 3rd period - Slapshot by John Draeger.
4:03 of 3rd period - Stopped by Jake Paterson without a rebound.
4:04 of 3rd period - Mitchell Heard wins face-off versus Henrik Samuelsson in Wolfpack zone.
4:39 of 3rd period - Minor Penalty to Vince Dunn for Roughing.
4:40 of 3rd period - Maxime Sauvé wins face-off versus Quinton Howden in Wolfpack zone.
4:48 of 3rd period - Dave Dziurzynski is hit by Griffin Reinhart and loses puck.
5:37 of 3rd period - David Pope is hit by Jean-Sebastien Dea and loses puck.
5:53 of 3rd period - Off-side.
5:54 of 3rd period - Henrik Samuelsson wins face-off versus Valentin Zykov in neutral zone.
6:39 of 3rd period - Penalty to Vince Dunn is over, Vince Dunn is back on ice.
7:01 of 3rd period - Tanner Laczynski is hit by Alexander Barabanov and loses puck.
8:05 of 3rd period - Icing by Seth Griffith.
8:06 of 3rd period - Kevin Roy wins face-off versus Quinton Howden in Wolfpack zone.
8:06 of 3rd period - Kevin Roy is hit by Jerry D'Amigo.
8:16 of 3rd period - Backhand shot by Steven Santini.
8:16 of 3rd period - Stopped by Carter Hutton without a rebound.
8:17 of 3rd period - Quinton Howden wins face-off versus Maxime Sauvé in Thunderbirds zone.
8:53 of 3rd period - Snap shot by Ryan Lomberg.
8:53 of 3rd period - Stopped by Jake Paterson without a rebound.
8:54 of 3rd period - Quinton Howden wins face-off versus Maxime Sauvé in Wolfpack zone.
9:07 of 3rd period - Wrist shot by Jerry D'Amigo.
9:07 of 3rd period - Shot Blocked by Steven Santini.
9:09 of 3rd period - Slapshot by Griffin Reinhart.
9:09 of 3rd period - Shot Blocked by Maxime Sauvé.
9:44 of 3rd period - Minor Penalty to Matt Puempel for Hooking.
9:45 of 3rd period - Quinton Howden wins face-off versus Maxime Sauvé in Thunderbirds zone.
9:57 of 3rd period - Snap shot by Stefan Noesen.
9:57 of 3rd period - Shot Misses the Net.
9:59 of 3rd period - Wrist shot by Steven Santini.
9:59 of 3rd period - Stopped by Carter Hutton without a rebound.
10:00 of 3rd period - Quinton Howden wins face-off versus Maxime Sauvé in Thunderbirds zone.
10:09 of 3rd period - Snap shot by Quinton Howden.
10:09 of 3rd period - Stopped by Jake Paterson without a rebound.
10:10 of 3rd period - Quinton Howden wins face-off versus Stefan Noesen in Wolfpack zone.
10:37 of 3rd period - Wrist shot by Maxime Sauvé.
10:37 of 3rd period - Goal by Maxime Sauvé - Thunderbirds : 6 - Wolfpack : 4.
10:38 of 3rd period - Quinton Howden wins face-off versus Samuel Blais in neutral zone.
10:50 of 3rd period - Minor Penalty to Griffin Reinhart for Roughing.
10:51 of 3rd period - Quinton Howden wins face-off versus Maxime Sauvé in Thunderbirds zone.
10:58 of 3rd period - Off-side.
10:59 of 3rd period - Maxime Sauvé wins face-off versus Quinton Howden in neutral zone.
11:28 of 3rd period - Slapshot by Sebastian Collberg.
11:28 of 3rd period - Goal by Sebastian Collberg - Thunderbirds : 6 - Wolfpack : 5.
11:29 of 3rd period - Maxime Sauvé wins face-off versus Quinton Howden in neutral zone.
11:36 of 3rd period - Wrist shot by Stefan Noesen.
11:36 of 3rd period - Stopped by Carter Hutton without a rebound.
11:37 of 3rd period - Maxime Sauvé wins face-off versus Quinton Howden in Thunderbirds zone.
11:44 of 3rd period - Snap shot by Maxime Sauvé.
11:44 of 3rd period - Stopped by Carter Hutton with a rebound.
12:01 of 3rd period - Off-side.
12:02 of 3rd period - Christian Fischer wins face-off versus Henrik Samuelsson in neutral zone.
12:11 of 3rd period - Snap shot by Ryan Lomberg.
12:11 of 3rd period - Shot Blocked by Dave Dziurzynski.
12:13 of 3rd period - Wrist shot by Christian Fischer.
12:13 of 3rd period - Shot Misses the Net.
12:27 of 3rd period - Michal Jordan is hit by Stefan Noesen and loses puck.
13:02 of 3rd period - Minor Penalty to Griffin Reinhart for Hooking.
13:03 of 3rd period - Maxime Sauvé wins face-off versus Quinton Howden in Thunderbirds zone.
13:44 of 3rd period - Wrist shot by David Pope.
13:44 of 3rd period - Shot Blocked by Viktor Baldayev.
14:22 of 3rd period - Snap shot by Ryan Lomberg.
14:22 of 3rd period - Stopped by Jake Paterson without a rebound.
14:23 of 3rd period - Henrik Samuelsson wins face-off versus Ryan Lomberg in Wolfpack zone.
14:52 of 3rd period - Jean-Sebastien Dea is hit by Sebastian Collberg.
15:02 of 3rd period - Penalty to Griffin Reinhart is over, Griffin Reinhart is back on ice.
15:04 of 3rd period - Michal Jordan is hit by Derrick Pouliot and loses puck.
15:05 of 3rd period - Michal Jordan from Thunderbirds is injured at 15:05 of 3rd period (Strained Right Knee).
15:06 of 3rd period - Seth Griffith wins face-off versus Jean-Sebastien Dea in Thunderbirds zone.
15:09 of 3rd period - Snap shot by Seth Griffith.
15:09 of 3rd period - Stopped by Carter Hutton without a rebound.
15:10 of 3rd period - Jean-Sebastien Dea wins face-off versus Seth Griffith in Thunderbirds zone.
15:35 of 3rd period - Wrist shot by Samuel Blais.
15:35 of 3rd period - Stopped by Carter Hutton without a rebound.
15:36 of 3rd period - Maxime Sauvé wins face-off versus Jerry D'Amigo in Thunderbirds zone.
15:39 of 3rd period - Snap shot by Maxime Sauvé.
15:39 of 3rd period - Goal by Maxime Sauvé - Thunderbirds : 6 - Wolfpack : 6.
15:40 of 3rd period - Seth Griffith wins face-off versus Jean-Sebastien Dea in neutral zone.
16:31 of 3rd period - Snap shot by Henrik Samuelsson.
16:31 of 3rd period - Stopped by Carter Hutton without a rebound.
16:32 of 3rd period - Jean-Sebastien Dea wins face-off versus Henrik Samuelsson in Thunderbirds zone.
17:01 of 3rd period - Stefan Noesen is hit by Quinton Howden and loses puck.
17:12 of 3rd period - Wrist shot by Stefan Noesen.
17:12 of 3rd period - Shot Misses the Net.
17:50 of 3rd period - Snap shot by Roberts Lipsbergs.
17:50 of 3rd period - Shot Misses the Net.
17:52 of 3rd period - Minor Penalty to Ryan Culkin for Hooking.
17:53 of 3rd period - Maxime Sauvé wins face-off versus Jean-Sebastien Dea in Wolfpack zone.
19:03 of 3rd period - Jean-Sebastien Dea is hit by David Pope and loses puck.
19:46 of 3rd period - Niklas Hansson is hit by David Pope and loses puck.
19:52 of 3rd period - Penalty to Ryan Culkin is over, Ryan Culkin is back on ice.
Goals for this period are 1 for Thunderbirds vs 3 for Wolfpack.
Shots for this period are 11 for Thunderbirds vs 14 for Wolfpack.
Overtime #1
0:01 of 1st overtime period - Maxime Sauvé wins face-off versus Quinton Howden in neutral zone.
0:32 of 1st overtime period - Quinton Howden is hit by Maxime Sauvé and loses puck.
1:13 of 1st overtime period - Maxime Sauvé is hit by John Draeger.
1:53 of 1st overtime period - Niklas Hansson is hit by David Pope and loses puck.
3:06 of 1st overtime period - Mitchell Heard is hit by Sebastian Collberg and loses puck.
3:43 of 1st overtime period - Ryan Lomberg is hit by Mikhail Sergachev and loses puck.
Goals for this period are 0 for Thunderbirds vs 0 for Wolfpack.
Shots for this period are 0 for Thunderbirds vs 0 for Wolfpack.
ShootOut
5:00 of 1st overtime period - Round #1.
5:00 of 1st overtime period - Thunderbirds, Tanner Laczynski.
5:00 of 1st overtime period - Snap shot by Tanner Laczynski.
5:00 of 1st overtime period - Stopped by Jake Paterson.
5:00 of 1st overtime period - Wolfpack, Maxime Sauvé.
5:00 of 1st overtime period - Snap shot by Maxime Sauvé.
5:00 of 1st overtime period - Stopped by Carter Hutton.
5:00 of 1st overtime period - Round #2.
5:00 of 1st overtime period - Thunderbirds, Tom Kuhnhackl.
5:00 of 1st overtime period - Snap shot by Tom Kuhnhackl.
5:00 of 1st overtime period - Stopped by Jake Paterson.
5:00 of 1st overtime period - Wolfpack, Stefan Noesen.
5:00 of 1st overtime period - Wrist shot by Stefan Noesen.
5:00 of 1st overtime period - Shot Misses the Net.
5:00 of 1st overtime period - Round #3.
5:00 of 1st overtime period - Thunderbirds, Quinton Howden.
5:00 of 1st overtime period - Backhand shot by Quinton Howden.
5:00 of 1st overtime period - Stopped by Jake Paterson.
5:00 of 1st overtime period - Wolfpack, Dave Dziurzynski.
5:00 of 1st overtime period - Deke by Dave Dziurzynski.
5:00 of 1st overtime period - Goal by Dave Dziurzynski.
Output by the SimonT Hockey Simulator (STHS) for Francois Prevost